[Event "November 21 Late 2023"]
[Site "https://www.chess.com"]
[Date "2023.11.21"]
[Round "10"]
[White "Olsen, Filip Boe"]
[Black "Horak, Martin"]
[Result "1-0"]
[Board "42"]
[TimeControl "180+1"]
[WhiteFideId "1440640"]
[BlackFideId "367095"]
[WhiteElo "2322"]
[BlackElo "2091"]
[WhiteTeam "DEN"]
[BlackTeam "CZE"]
[WhiteClock "0:01:21"]
[BlackClock "0:00:00"]

1. d4 Nf6 2. c4 e6 3. Nc3 Bb4 4. e3 O-O 5. Bd2 d5 6. Nf3 b6 7. Rc1 Bb7 8. a3 Be7 9. cxd5 exd5 10. Bd3 a6 11. O-O Bd6 12. Ne5 c5 13. f4 Nc6 14. Be1 cxd4 15. exd4 Nxd4 16. Bh4 Be7 17. Kh1 Ne6 18. Bb1 Ne4 19. Bxe7 Qxe7 20. Nxd5 Bxd5 21. Qxd5 Nf6 22. Qc6 b5 23. Ba2 Kh8 24. Nxf7+ Qxf7 25. Bxe6 Qg6 26. f5 Qg5 27. h3 Nh5 28. Rf3 Ng3+ 29. Kh2 Ne2 30. Rd1 Rad8 31. Rxd8 Rxd8 32. Qc7 Rf8 33. Qe5 Nc1 34. Rg3 Qh6 35. Rc3 1-0

[Event "November 21 Late 2023"]
[Site "https://www.chess.com"]
[Date "2023.11.21"]
[Round "10"]
[White "Ventura Bolet, Maxim"]
[Black "Banzea, Alexandru-Bogdan"]
[Result "0-1"]
[Board "43"]
[TimeControl "180+1"]
[WhiteFideId "22238824"]
[BlackFideId "1232622"]
[WhiteElo "2227"]
[BlackElo "2294"]
[WhiteTeam "ESP"]
[BlackTeam "ROU"]
[WhiteClock "0:00:00"]
[BlackClock "0:00:07"]

1. Nf3 Nf6 2. g3 g6 3. Bg2 Bg7 4. O-O O-O 5. c4 d6 6. d4 Nc6 7. Nc3 e5 8. d5 Nb8 9. Ne1 a5 10. Nd3 Na6 11. e4 Nd7 12. Be3 Nb4 13. a3 Nxd3 14. Qxd3 Nc5 15. Qc2 f5 16. b4 axb4 17. axb4 Rxa1 18. Rxa1 Na6 19. Qb3 f4 20. Bd2 h5 21. c5 h4 22. c6 hxg3 23. hxg3 Qg5 24. Bf1 Qg4 25. Nd1 Kf7 26. cxb7 Bxb7 27. Bxa6 Bxa6 28. Rxa6 Rh8 29. Qc2 f3 30. Qxc7+ Kg8 31. Qd8+ Bf8 32. Ne3 Qh3 33. Qxf8+ Kxf8 34. Ra8+ Kg7 35. Rxh8 Kxh8 36. b5 Qc8 37. Bb4 Qb7 38. Bxd6 Qxb5 39. Bxe5+ Kg8 40. g4 Qb1+ 41. Kh2 Qxe4 42. Bf6 Qf4+ 43. Kh3 Qxf6 44. Kg3 g5 45. Nf5 Qe5+ 46. Kxf3 Qf4+ 47. Kg2 Qxg4+ 48. Ng3 Qd4 49. f3 Qxd5 50. Ne4 Qe5 51. Kh3 Qf4 52. Kg2 g4 53. Nd2 Qxd2+ 54. Kg3 gxf3 55. Kxf3 Qd4 0-1

[Event "November 21 Late 2023"]
[Site "https://www.chess.com"]
[Date "2023.11.21"]
[Round "10"]
[White "BM223344"]
[Black "Milchev, Nikolay"]
[Result "1-0"]
[Board "44"]
[TimeControl "180+1"]
[BlackFideId "2906090"]
[WhiteElo "2488"]
[BlackElo "2449"]
[BlackTeam "ENG"]
[WhiteClock "0:00:11"]
[BlackClock "0:00:12"]

1. d4 d5 2. c4 c6 3. Nf3 Nf6 4. e3 Bg4 5. Nbd2 Bxf3 6. Nxf3 e6 7. Bd3 Nbd7 8. O-O Bd6 9. Qc2 O-O 10. b3 Qe7 11. Bb2 Ba3 12. Bc3 Bb4 13. Bb2 Ba3 14. Bc3 a5 15. Ne5 g6 16. f4 Rfc8 17. Rae1 b5 18. c5 Nxc5 19. dxc5 Bxc5 20. Bd4 Nd7 21. Nxd7 Bxd4 22. exd4 Qxd7 23. Rc1 a4 24. b4 a3 25. Qc5 Qb7 26. Rc3 Ra6 27. Bc2 Qc7 28. Bd3 Qb8 29. Bxb5 Rb6 30. Bd3 Rxb4 31. Rxa3 Rb2 32. Qc3 Qb6 33. Rf2 Rb4 34. Rb3 Rxb3 35. axb3 c5 36. dxc5 Rxc5 37. Qe1 Qc7 38. Rf1 Rc3 39. Qd1 Qc5+ 40. Kh1 Qe3 41. Be2 Qc5 42. Bf3 Qb4 43. f5 gxf5 44. Bh5 Qxb3 45. Qe1 Qc4 46. Rg1 Qd4 47. Qb1 Kg7 48. Qb7 Qf6 49. Qd7 d4 50. Bf3 e5 51. Bd5 d3 52. Rf1 f4 53. h3 Qg6 54. Qe7 Qf6 55. Qd7 Qg6 56. Rd1 e4 57. Qe7 e3 58. Qe5+ Qf6 59. Qe4 d2 60. Bc4 Rc1 61. Be2 Rxd1+ 62. Bxd1 Qa1 63. Qf3 Qc1 64. Kh2 Kg8 65. g3 fxg3+ 66. Kxg3 Qc5 67. Qe2 Qe5+ 68. Kf3 Qh5+ 69. Kxe3 Qxh3+ 70. Kxd2 Qd7+ 71. Ke1 Qh3 72. Qe8+ Kg7 73. Qe5+ Kg8 74. Be2 Qe6 75. Qg3+ Qg6 76. Qb8+ Kg7 77. Qb2+ Qf6 78. Qb4 h6 79. Bg4 Qg5 80. Ke2 f5 81. Bf3 Kg6 82. Qd6+ Qf6 83. Qf4 Qe6+ 84. Kf2 Qf6 85. Qc7 Qd4+ 86. Kg2 Qd2+ 87. Kg3 Qg5+ 88. Kh3 Qf6 89. Qd7 Qg5 90. Qe8+ Kg7 91. Qd7+ Kg6 92. Qe6+ Qf6 93. Qg8+ Qg7 94. Bh5+ Kf6 95. Qd8+ Qe7 96. Qd4+ Kg5 97. Qh4# 1-0

[Event "November 21 Late 2023"]
[Site "https://www.chess.com"]
[Date "2023.11.21"]
[Round "10"]
[White "Kovalevsky, Stanislav"]
[Black "WindWhistler11"]
[Result "1-0"]
[Board "45"]
[TimeControl "180+1"]
[WhiteFideId "13508598"]
[WhiteElo "2092"]
[BlackElo "2560"]
[WhiteTeam "FID"]
[WhiteClock "0:00:16"]
[BlackClock "0:00:03"]

1. e4 e6 2. c4 d5 3. cxd5 exd5 4. exd5 Nf6 5. Bb5+ Nbd7 6. Nc3 Bd6 7. Nf3 O-O 8. O-O a6 9. Bc4 b5 10. Bb3 Bb7 11. d3 h6 12. Ne4 Be7 13. Nd4 Nxd5 14. Nf5 Bf6 15. Qg4 Kh7 16. Nxh6 gxh6 17. Bxd5 Bxd5 18. Qf5+ Kg7 19. Qxd5 Ne5 20. Qc5 Qe7 21. Qe3 Rh8 22. Ng3 Kf8 23. a4 b4 24. h3 Rd8 25. d4 Nc4 26. Qxe7+ Bxe7 27. b3 Na5 28. Rb1 Rxd4 29. Bb2 Bf6 30. Bxd4 Bxd4 31. Rfd1 c5 32. Nf5 Nc6 33. Rbc1 Bc3 34. Rd6 Nd4 35. Rd8# 1-0

[Event "November 21 Late 2023"]
[Site "https://www.chess.com"]
[Date "2023.11.21"]
[Round "10"]
[White "Arnold, Ken"]
[Black "Ozates, Tuna"]
[Result "1-0"]
[Board "46"]
[TimeControl "180+1"]
[WhiteFideId "2056836"]
[BlackFideId "6354521"]
[WhiteElo "2441"]
[BlackElo "2151"]
[WhiteTeam "USA"]
[BlackTeam "TUR"]
[WhiteClock "0:00:59"]
[BlackClock "0:00:25"]

1. e4 e5 2. Nf3 Nc6 3. Bb5 a6 4. Ba4 Nge7 5. O-O g6 6. c3 Bg7 7. d4 exd4 8. cxd4 b5 9. Bb3 Na5 10. Bc2 O-O 11. Bg5 d6 12. Nc3 h6 13. Bh4 g5 14. Bg3 Nc4 15. b3 Nb6 16. h4 Bg4 17. hxg5 hxg5 18. Qd2 Bxf3 19. gxf3 Ng6 20. Rac1 c5 21. dxc5 dxc5 22. Nd5 Nxd5 23. exd5 f5 24. Rfe1 Bd4 25. Re6 Kg7 26. Rd6 Qe8 27. Re1 Qf7 28. Qxg5 Rae8 29. Ree6 Rxe6 30. dxe6 Qf6 31. Rd7+ Kg8 32. Qh6 Re8 33. Qh7+ Kf8 34. Rf7+ 1-0

[Event "November 21 Late 2023"]
[Site "https://www.chess.com"]
[Date "2023.11.21"]
[Round "10"]
[White "Batsiashvili, Nino"]
[Black "Shapiro, Viktor"]
[Result "1/2-1/2"]
[Board "47"]
[TimeControl "180+1"]
[WhiteFideId "13602993"]
[BlackFideId "4175700"]
[WhiteElo "2233"]
[BlackElo "2084"]
[WhiteTeam "GEO"]
[BlackTeam "RUS"]
[WhiteClock "0:00:09"]
[BlackClock "0:00:19"]

1. e4 Nf6 2. Nc3 d5 3. e5 Nfd7 4. f4 e6 5. Nf3 c5 6. d4 Nc6 7. Ne2 b5 8. Be3 b4 9. h4 Qb6 10. h5 h6 11. a3 a5 12. axb4 Qxb4+ 13. Kf2 Qxb2 14. Rb1 Qa3 15. Ng3 cxd4 16. Nxd4 Nxd4 17. Bxd4 Bc5 18. Bb5 Qc3 19. Ne2 Bxd4+ 20. Nxd4 O-O 21. Rh3 Qc5 22. Rg3 f6 23. Bxd7 Bxd7 24. Rb7 Ra7 25. Rxa7 Qxa7 26. Kg1 fxe5 27. fxe5 Rf4 28. Rg4 Rxg4 29. Qxg4 a4 30. Kh2 a3 31. Nxe6 Bxe6 32. Qxe6+ Qf7 33. Qa6 Qxh5+ 34. Kg1 Qxe5 35. Qxa3 Qe4 36. Qb3 Kh7 37. Kh2 h5 38. Qc3 Kh6 39. Qc6+ g6 40. Qd6 h4 41. Qf6 Kh5 42. c3 Qf5 43. Qd4 Kg5 44. Kg1 Qe4 45. Qh8 Kg4 46. Qb8 Qe1+ 47. Kh2 Qg3+ 48. Qxg3+ hxg3+ 49. Kg1 Kf4 50. Kf1 Ke4 51. Ke2 g5 52. Kd2 d4 53. cxd4 Kxd4 54. Ke2 Ke4 55. Kf1 Ke3 56. Kg1 Ke2 57. Kh1 Ke1 58. Kg1 Ke2 59. Kh1 Ke3 60. Kg1 Kd2 61. Kh1 Ke1 62. Kg1 Ke2 1/2-1/2

[Event "November 21 Late 2023"]
[Site "https://www.chess.com"]
[Date "2023.11.21"]
[Round "10"]
[White "Willy, Stephen"]
[Black "Pinheiro, Iung Alicio de O."]
[Result "0-1"]
[Board "48"]
[TimeControl "180+1"]
[WhiteFideId "30981468"]
[BlackFideId "2104350"]
[WhiteElo "2139"]
[BlackElo "2283"]
[WhiteTeam "USA"]
[BlackTeam "BRA"]
[WhiteClock "0:00:00"]
[BlackClock "0:00:14"]

1. Nf3 d5 2. e3 Nf6 3. b3 Bg4 4. Bb2 Nbd7 5. c4 e6 6. h3 Bh5 7. Nc3 c6 8. Be2 Bd6 9. O-O Qe7 10. d4 g5 11. Ne5 Bxe2 12. Nxe2 g4 13. hxg4 O-O-O 14. f3 Rdg8 15. Rc1 Kb8 16. cxd5 cxd5 17. Qd3 h5 18. Qb5 Bxe5 19. dxe5 Ne8 20. Nd4 Nb6 21. Rc2 Nc7 22. Qc5 Qxc5 23. Rxc5 hxg4 24. fxg4 Rxg4 25. Rxf7 Na6 26. Rc2 Rhg8 27. Nxe6 Nb4 28. Rcf2 Nd3 29. Rf8+ Nc8 30. Rxg8 Rxg8 31. Rd2 Nxb2 32. Rxb2 Re8 33. Nd4 Rxe5 34. Kf2 Nd6 35. Kf3 Ne4 36. Kf4 Re8 37. g4 Kc7 38. Rc2+ Kd7 39. Nf5 Rh8 40. Ke5 Ng5 41. Kxd5 Re8 42. Kd4 Ne4 43. Rh2 Nf6 44. Rh6 Nxg4 45. Rh7+ Kc6 46. e4 Rd8+ 47. Kc3 Nf6 48. Nd4+ Rxd4 49. Kxd4 Nxh7 50. Ke5 Nf8 51. Kf6 Nd7+ 52. Ke6 Nc5+ 53. Kf5 Kd6 54. e5+ Kd5 55. Kf6 Ne6 56. Kf5 b5 57. Kf6 b4 58. Kf5 a5 59. Kf6 Nd4 60. e6 Nxe6 61. Kf5 Nc5 62. Kf4 Kd4 63. Kf5 Kc3 64. Ke5 Kb2 65. Kd4 Nxb3+ 66. Kc4 Nc1 67. Kb5 Kxa2 68. Ka4 b3 69. Kxa5 b2 70. Kb5 b1=Q+ 71. Kc6 Qb4 72. Kd5 Nd3 0-1

[Event "November 21 Late 2023"]
[Site "https://www.chess.com"]
[Date "2023.11.21"]
[Round "10"]
[White "Prithu Gupta"]
[Black "TheAlienParty"]
[Result "1-0"]
[Board "49"]
[TimeControl "180+1"]
[WhiteFideId "46618546"]
[WhiteElo "2344"]
[BlackElo "2410"]
[WhiteTeam "IND"]
[WhiteClock "0:01:10"]
[BlackClock "0:00:07"]

1. d4 Nf6 2. Nf3 e6 3. g3 d5 4. Bg2 c6 5. O-O Nbd7 6. Na3 Be7 7. c3 O-O 8. Nc2 b6 9. Bg5 Bb7 10. Nd2 Rc8 11. e4 dxe4 12. Nxe4 Nxe4 13. Bxe7 Nxc3 14. Bxd8 Nxd1 15. Bxb6 Nxb2 16. Bxa7 Ra8 17. Rfb1 Rxa7 18. Rxb2 Rc8 19. h4 Ba6 20. Nb4 Bb5 21. Rc1 Ra4 22. Nxc6 Bxc6 23. Rxc6 Rf8 24. d5 exd5 25. Bxd5 Nf6 26. Bb3 Ra7 27. Rbc2 g6 28. Rc7 Rxc7 29. Rxc7 Kg7 30. Kg2 Ne8 31. Rd7 Nf6 32. Rb7 h5 33. a4 Ne4 34. Rc7 Nd6 35. a5 Ra8 36. Rd7 Rxa5 37. Rxd6 Rf5 38. Rd7 Rf6 39. f3 Kf8 40. g4 Ke8 41. Rb7 Kf8 42. Kg3 Kg7 43. g5 Rf5 44. f4 Kf8 45. Kf3 Kg7 46. Ke4 Kf8 47. Bd5 Kg7 48. Be6 Ra5 49. Rxf7+ Kh8 50. f5 Ra4+ 51. Ke5 Rxh4 52. Kf6 Rf4 53. Kxg6 Kg8 54. Rf6+ 1-0

[Event "November 21 Late 2023"]
[Site "https://www.chess.com"]
[Date "2023.11.21"]
[Round "10"]
[White "Garrido, Denis"]
[Black "Jovic, Stanoje"]
[Result "1-0"]
[Board "50"]
[TimeControl "180+1"]
[WhiteFideId "601217"]
[BlackFideId "905020"]
[WhiteElo "2398"]
[BlackElo "2249"]
[WhiteTeam "FRA"]
[BlackTeam "SRB"]
[WhiteClock "0:01:08"]
[BlackClock "0:00:00"]

1. e4 c6 2. d4 d5 3. Nc3 dxe4 4. Nxe4 Nf6 5. Nxf6+ exf6 6. c3 Bd6 7. Bd3 O-O 8. Ne2 Qc7 9. Qc2 h6 10. h3 c5 11. dxc5 Bxc5 12. Bf4 Qb6 13. O-O a5 14. Bf5 Nc6 15. Ng3 g5 16. Bd2 Ne5 17. Bxc8 Raxc8 18. Qf5 Qe6 19. Qe4 Nc4 20. Bc1 Qxe4 21. Nxe4 f5 22. Nxc5 Rxc5 23. b3 Ne5 24. Ba3 Rxc3 25. Bxf8 Kxf8 26. Rac1 Rd3 27. Rfd1 Rxd1+ 28. Rxd1 Ke7 29. Rd5 Nc6 30. Rxf5 a4 31. Rb5 axb3 32. Rxb7+ Kd6 33. Rxb3 f5 34. Kf1 Kc5 35. Rc3+ Kb5 36. Re3 Nd4 37. Re8 h5 38. Rh8 h4 39. Rh5 Ne6 40. Rh6 Nd4 41. Rg6 Kb4 42. Rxg5 Ka3 43. Rh5 Kxa2 44. Rxh4 Ne6 45. Rh6 Nc5 46. Rh5 Kb3 47. Rxf5 1-0

[Event "November 21 Late 2023"]
[Site "https://www.chess.com"]
[Date "2023.11.21"]
[Round "10"]
[White "ciutadella"]
[Black "Estrategia_vs_Tactica"]
[Result "0-1"]
[Board "51"]
[TimeControl "180+1"]
[WhiteElo "2539"]
[BlackElo "2362"]
[WhiteClock "0:00:15"]
[BlackClock "0:00:10"]

1. Nf3 Nf6 2. c4 g6 3. Nc3 Bg7 4. d4 O-O 5. e3 b6 6. g3 Bb7 7. Bg2 e6 8. O-O Ne4 9. Bd2 f5 10. Qc2 Nxc3 11. Bxc3 Be4 12. Qb3 Qc8 13. Rfd1 d5 14. cxd5 exd5 15. Ne5 Bxg2 16. Kxg2 c6 17. Rac1 Qe6 18. f4 Nd7 19. Bb4 c5 20. dxc5 Nxe5 21. fxe5 Qxe5 22. Qxd5+ Qxd5+ 23. Rxd5 Bxb2 24. Rc2 bxc5 25. Rcxc5 Rfd8 26. Kf3 h6 27. h4 Rxd5 28. Rxd5 Kf7 29. Rd7+ Ke6 30. Rb7 g5 31. Rh7 g4+ 32. Ke2 Be5 33. Rxh6+ Kd5 34. Rh5 Ke4 35. Rh7 Rb8 36. a3 a5 37. Bxa5 Rb2+ 38. Kd1 Bxg3 39. Re7+ Kf3 40. h5 Bd6 41. Rf7 g3 42. Rxf5+ Kg4 43. Rf6 g2 44. Rg6+ Kxh5 45. Rg8 Bh2 46. Rh8+ Kg4 47. Rg8+ Kf3 48. Bc3 Ra2 49. Rf8+ Ke4 50. Re8+ Kd3 51. Rg8 Kxc3 52. Ke1 g1=Q+ 53. Rxg1 Bxg1 54. Kf1 Bxe3 0-1

[Event "November 21 Late 2023"]
[Site "https://www.chess.com"]
[Date "2023.11.21"]
[Round "10"]
[White "Yushko, Olga"]
[Black "Della Morte, German"]
[Result "0-1"]
[Board "52"]
[TimeControl "180+1"]
[WhiteFideId "14114500"]
[BlackFideId "113522"]
[WhiteElo "2028"]
[BlackElo "2306"]
[WhiteTeam "UKR"]
[BlackTeam "ARG"]
[WhiteClock "0:00:35"]
[BlackClock "0:01:17"]

1. d4 d5 2. c4 e6 3. cxd5 exd5 4. Nc3 Nf6 5. Nf3 c6 6. Bg5 Be7 7. e3 O-O 8. Bd3 Bg4 9. O-O Nbd7 10. Rc1 Re8 11. a3 Nf8 12. Be2 Ne6 13. Bh4 Bd6 14. Ne5 Bxe2 15. Qxe2 Be7 16. b4 Nd7 17. Bg3 Bf6 18. Ng4 Nxd4 19. Qd3 Ne6 20. Nxf6+ Qxf6 21. b5 h5 22. bxc6 bxc6 23. h3 h4 24. Bh2 Ndc5 25. Qc2 d4 26. Ne4 Nxe4 27. Qxe4 dxe3 28. Qxe3 c5 29. Bd6 Rac8 30. Rc4 Nd4 31. Qd3 Qxd6 32. Rd1 Ne2+ 33. Qxe2 Qa6 34. Qg4 Qxa3 35. Qxh4 Qb3 36. Rdc1 Re5 37. Qg4 Qb7 38. Qg3 Qe7 39. Kh2 Rc6 40. Rg4 g6 41. Rcc4 Kg7 42. f4 Re3 43. Qf2 Rf6 44. f5 Qe5+ 45. Rcf4 Rxf5 46. Kg1 Re1+ 47. Kh2 Re4 48. Kg3 g5 0-1

[Event "November 21 Late 2023"]
[Site "https://www.chess.com"]
[Date "2023.11.21"]
[Round "10"]
[White "Ongut, Tamas Gunes"]
[Black "Hansen, Sune Berg"]
[Result "1-0"]
[Board "53"]
[TimeControl "180+1"]
[WhiteFideId "770280"]
[BlackFideId "1400266"]
[WhiteElo "2148"]
[BlackElo "2683"]
[WhiteTeam "HUN"]
[BlackTeam "DEN"]
[WhiteClock "0:00:32"]
[BlackClock "0:00:56"]

1. e4 e5 2. Nf3 Nc6 3. Bb5 a6 4. Ba4 d6 5. O-O Bd7 6. c3 Nge7 7. d4 Ng6 8. Nbd2 Be7 9. Re1 h6 10. Nf1 Bg5 11. Ne3 b5 12. Bc2 Nf4 13. Nd5 Bg4 14. Bxf4 Bxf4 15. a4 Rb8 16. Nxf4 exf4 17. axb5 axb5 18. e5 d5 19. h3 Bh5 20. e6 f6 21. Qd3 Ne7 22. Nh4 g5 23. Nf5 Bg6 24. Qe2 Nxf5 25. Bxf5 Bxf5 26. Qh5+ Ke7 27. Qf7+ Kd6 28. e7 Qd7 29. Qxf6+ Be6 30. Ra6+ c6 31. Rxe6+ Qxe6 32. Rxc6+ Kxc6 33. Qxe6+ Kc7 34. Qe5+ Kc6 35. Qe6+ Kc7 36. h4 Rhg8 37. hxg5 hxg5 38. f3 Rbe8 39. Qe5+ Kc6 40. Qe6+ Kc7 41. Qxd5 Rg6 42. Qf7 Rgg8 43. d5 1-0

[Event "November 21 Late 2023"]
[Site "https://www.chess.com"]
[Date "2023.11.21"]
[Round "10"]
[White "Zarnicki, Pablo"]
[Black "Musalov, Ruslan"]
[Result "1-0"]
[Board "54"]
[TimeControl "180+1"]
[WhiteFideId "100137"]
[BlackFideId "4141490"]
[WhiteElo "2468"]
[BlackElo "2268"]
[WhiteTeam "ARG"]
[BlackTeam "RUS"]
[WhiteClock "0:00:07"]
[BlackClock "0:00:07"]

1. e4 e5 2. Nc3 Nc6 3. Nf3 Nf6 4. a3 d6 5. Bc4 Be6 6. Bxe6 fxe6 7. d4 exd4 8. Nxd4 Qd7 9. O-O Be7 10. Re1 O-O 11. Be3 Kh8 12. h3 Nxd4 13. Bxd4 e5 14. Be3 c6 15. Qd3 Qe6 16. Rad1 Nh5 17. Qe2 Nf4 18. Bxf4 Rxf4 19. g3 Rf6 20. Qg4 Qf7 21. Rd2 Rf8 22. Rf1 Qe8 23. Qd1 Qg6 24. Kg2 h5 25. Rd3 Bd8 26. f3 h4 27. g4 Re6 28. Ne2 Bg5 29. c4 Kh7 30. b4 Be7 31. a4 Ref6 32. b5 Qf7 33. Qc2 Bd8 34. c5 dxc5 35. Qxc5 Qa2 36. Qe3 Bb6 37. Qd2 Qxa4 38. bxc6 bxc6 39. Rd7 Qc4 40. Qd3 Qxd3 41. Rxd3 c5 42. Nc3 c4 43. Rdd1 Bd4 44. Nd5 Ra6 45. Rb1 Ra2+ 46. Kh1 c3 47. Rb7 Rc8 48. Ne7 Rc6 49. Nf5 c2 50. Nxg7 c1=Q 51. Nf5+ Kh8 52. Rb8+ Kh7 53. Rb7+ Kg6 54. Rg7+ Kf6 55. g5+ Ke6 56. Re7# 1-0

[Event "November 21 Late 2023"]
[Site "https://www.chess.com"]
[Date "2023.11.21"]
[Round "10"]
[White "aghasiyevkamal"]
[Black "ATM622"]
[Result "1/2-1/2"]
[Board "55"]
[TimeControl "180+1"]
[WhiteElo "2571"]
[BlackElo "2463"]
[WhiteClock "0:00:36"]
[BlackClock "0:00:08"]

1. d4 Nf6 2. c4 e6 3. g3 d5 4. Nf3 dxc4 5. Bg2 Bd7 6. Ne5 Bc6 7. Nxc6 Nxc6 8. e3 Qd7 9. O-O O-O-O 10. Qa4 h5 11. Bxc6 Qxc6 12. Qxc6 bxc6 13. Nd2 c5 14. dxc5 c3 15. Nb3 Ne4 16. bxc3 Nxc3 17. Bb2 Ne4 18. Rac1 Nd2 19. Rc2 Nxf1 20. Kxf1 h4 21. g4 h3 22. c6 Rd1+ 23. Ke2 Rh1 24. Be5 Bd6 25. Bxd6 cxd6 26. c7 e5 27. Nd2 Re8 28. Ne4 Re6 29. Kf3 Rxh2 30. Rc1 d5 31. Kg3 dxe4 32. Kxh2 Rf6 33. Rc2 Rf3 34. a4 g5 35. Kg1 f5 36. gxf5 Rxf5 37. Kh2 Rf3 38. Kg1 g4 39. Kh2 a5 40. Kh1 g3 41. fxg3 Rxg3 42. Rc3 Rf3 43. Kh2 Rf7 44. Kxh3 Rxc7 45. Rb3 Rc5 46. Kg4 Kd7 47. Kf5 Kd6 48. Rb6+ Kc7 49. Re6 Rc3 50. Kxe4 Rc4+ 51. Kxe5 Rxa4 52. e4 Ra1 53. Re7+ Kd8 54. Ra7 a4 55. Ke6 a3 56. e5 a2 57. Ra3 Kc7 58. Ra7+ Kb6 59. Ra3 Kc6 60. Ke7 Re1 61. Rxa2 Rxe5+ 62. Kf6 Rd5 63. Ke6 Rd6+ 64. Ke5 Rd5+ 65. Ke4 Rc5 66. Ra6+ Kb7 67. Rf6 Rc6 68. Rf5 Rc7 69. Kd5 Rd7+ 70. Kc5 Rd1 71. Rf7+ Kc8 72. Kc6 Rc1+ 73. Kd6 Rd1+ 74. Kc5 Rc1+ 75. Kd4 Rd1+ 76. Ke3 Rc1 77. Kd2 Rc6 78. Rf8+ Kb7 79. Rf7+ 1/2-1/2

[Event "November 21 Late 2023"]
[Site "https://www.chess.com"]
[Date "2023.11.21"]
[Round "10"]
[White "Deng, Henry"]
[Black "Reprintsev, Alexander"]
[Result "1-0"]
[Board "56"]
[TimeControl "180+1"]
[WhiteFideId "30965454"]
[BlackFideId "14100541"]
[WhiteElo "2552"]
[BlackElo "2229"]
[WhiteTeam "USA"]
[BlackTeam "UKR"]
[WhiteClock "0:00:15"]
[BlackClock "0:00:00"]

1. e4 d5 2. exd5 Qxd5 3. Nf3 Bg4 4. Nc3 Qd7 5. h3 Bf5 6. Bc4 e6 7. O-O Nc6 8. Bb5 Nge7 9. Ne5 Qd4 10. Nxc6 Nxc6 11. Qf3 O-O-O 12. Bxc6 bxc6 13. d3 Kb7 14. Be3 Qf6 15. Qf4 Ra8 16. Qc4 a5 17. a3 e5 18. Ne4 Qe6 19. Qc3 f6 20. Nd2 Kc8 21. Nc4 Be7 22. Nxa5 Bxh3 23. gxh3 Qxh3 24. Rfe1 Bd6 25. Qxc6 Rxa5 26. Qg2 Qxg2+ 27. Kxg2 h5 28. b4 Ra4 29. c3 g5 30. c4 Be7 31. d4 e4 32. d5 f5 33. Bd4 Rg8 34. f3 1-0

[Event "November 21 Late 2023"]
[Site "https://www.chess.com"]
[Date "2023.11.21"]
[Round "10"]
[White "YouShallNotPass001"]
[Black "Erzhanov, Arman"]
[Result "0-1"]
[Board "57"]
[TimeControl "180+1"]
[BlackFideId "4138821"]
[WhiteElo "2450"]
[BlackElo "2171"]
[BlackTeam "KAZ"]
[WhiteClock "0:01:09"]
[BlackClock "0:02:08"]

1. Nf3 d6 2. e3 e5 3. Be2 e4 4. Nd4 c5 5. Nb3 Nf6 6. d4 cxd4 7. Nxd4 Be7 8. O-O O-O 9. c4 Nc6 10. Nc3 Re8 11. b3 Qa5 12. Bb2 Qg5 13. Kh1 Ne5 14. Qc2 Qh4 15. g3 Qh3 16. Nxe4 Nfg4 17. Nf3 Nxf3 0-1

[Event "November 21 Late 2023"]
[Site "https://www.chess.com"]
[Date "2023.11.21"]
[Round "10"]
[White "D`Arruda, Ricardo D."]
[Black "Minko, Dmitry"]
[Result "1/2-1/2"]
[Board "58"]
[TimeControl "180+1"]
[WhiteFideId "100692"]
[BlackFideId "24188468"]
[WhiteElo "2534"]
[BlackElo "1992"]
[WhiteTeam "ARG"]
[BlackTeam "FID"]
[WhiteClock "0:00:14"]
[BlackClock "0:00:17"]

1. d4 d5 2. Nf3 Nf6 3. c4 e6 4. Nc3 Be7 5. e3 a6 6. cxd5 exd5 7. Bd3 O-O 8. O-O c6 9. Rb1 Bg4 10. h3 Bh5 11. b4 Nbd7 12. a4 Nb6 13. b5 cxb5 14. axb5 a5 15. Ra1 Bb4 16. Qb3 Bg6 17. Bxg6 hxg6 18. Ba3 Bxa3 19. Rxa3 Nc4 20. Ra2 Rc8 21. Rc2 b6 22. Rfc1 a4 23. Qxa4 Nd6 24. Qb3 Rc4 25. Nxd5 Rxc2 26. Nxf6+ Qxf6 27. Rxc2 Qf5 28. Ne5 Ra8 29. Rc1 Ne4 30. f3 Ng3 31. Qc2 Qg5 32. Kh2 f6 33. Nxg6 Nf5 34. Qe4 Qg3+ 35. Kh1 Qxg6 36. Qxa8+ Kh7 37. g4 Qh6 38. Kg2 Nxe3+ 39. Kg3 Nf5+ 40. gxf5 Qg5+ 41. Kh2 Qxc1 42. Qe4 Qb2+ 43. Kg3 Qxb5 44. d5 Qc5 45. Qe6 Qg1+ 46. Kf4 Qd4+ 47. Kg3 Qg1+ 48. Kf4 Qd4+ 49. Kg3 Qg1+ 1/2-1/2

[Event "November 21 Late 2023"]
[Site "https://www.chess.com"]
[Date "2023.11.21"]
[Round "10"]
[White "VitaliyChayka"]
[Black "The_Straightforward_Rook"]
[Result "0-1"]
[Board "59"]
[TimeControl "180+1"]
[WhiteElo "2448"]
[BlackElo "2521"]
[WhiteClock "0:00:00"]
[BlackClock "0:00:20"]

1. d4 Nf6 2. Bf4 e6 3. e3 d5 4. Nf3 Bd6 5. Bg3 c5 6. c3 Qc7 7. Nbd2 Nbd7 8. c4 O-O 9. Rc1 Bxg3 10. hxg3 b6 11. cxd5 Nxd5 12. Bd3 h6 13. g4 e5 14. g5 exd4 15. Nxd4 Nxe3 16. Qf3 Qe5 17. Qxe3 cxd4 18. Qxe5 Nxe5 19. Be4 Ba6 20. gxh6 Rae8 21. hxg7 Kxg7 22. Kd1 Nd3 23. Bxd3 Bxd3 24. Rc7 Be2+ 25. Kc1 Rc8 26. Rxc8 Rxc8+ 27. Kb1 Bd3+ 28. Ka1 Rc2 29. Nf3 Rxf2 30. Rg1 Rf1+ 31. Rxf1 Bxf1 32. g3 d3 33. Kb1 Be2 34. Nd2 Kf6 35. Kc1 Kf5 36. Nc4 f6 37. Kd2 Kg4 38. Nd6 f5 39. b4 Kg5 40. Nc8 Kg4 41. Nd6 Bf1 42. a3 a5 43. bxa5 bxa5 44. Ke3 a4 45. Kd2 Be2 46. Ke3 Kg5 47. Kd2 Kf6 48. Ke3 Ke5 49. Nc4+ Kd5 50. Nd2 Kc5 51. Kf4 Bg4 52. Ke3 Be2 53. Kf4 Kd4 54. Kxf5 Kc3 55. Ne4+ Kb3 56. g4 Kxa3 57. g5 Bh5 58. Kf4 Kb2 59. Ke3 Bg6 0-1

[Event "November 21 Late 2023"]
[Site "https://www.chess.com"]
[Date "2023.11.21"]
[Round "10"]
[White "Gutkin, Ilya"]
[Black "RodokininEV"]
[Result "0-1"]
[Board "60"]
[TimeControl "180+1"]
[WhiteFideId "16203470"]
[WhiteElo "2248"]
[BlackElo "2517"]
[WhiteTeam "GER"]
[WhiteClock "0:00:01"]
[BlackClock "0:01:30"]

1. e4 c5 2. Nf3 Nc6 3. Bb5 g6 4. O-O Bg7 5. Re1 Nf6 6. h3 O-O 7. c3 Qb6 8. a4 a6 9. Bf1 d6 10. Na3 Be6 11. Nc4 Qc7 12. d3 Bxc4 13. dxc4 Nd7 14. Bg5 h6 15. Bh4 g5 16. Bg3 e5 17. Bd3 Nd8 18. Re2 Ne6 19. Rd2 Nf6 20. Ne1 Rad8 21. Nc2 h5 22. f3 Bh6 23. Ne3 g4 24. Nf5 Bf4 25. Bxf4 Nxf4 26. hxg4 hxg4 27. fxg4 Nh7 28. g5 Nxg5 29. Qg4 f6 30. Bf1 Qh7 31. Rad1 Kh8 32. Rxd6 Rxd6 33. Rxd6 Rg8 34. Qg3 Ngh3+ 35. Qxh3 Nxh3+ 36. Kh2 Ng5+ 0-1

[Event "November 21 Late 2023"]
[Site "https://www.chess.com"]
[Date "2023.11.21"]
[Round "10"]
[White "Zampronha, Wladimir Camilo"]
[Black "Kuegel, Tobias"]
[Result "1-0"]
[Board "61"]
[TimeControl "180+1"]
[WhiteFideId "2103087"]
[BlackFideId "4636295"]
[WhiteElo "2055"]
[BlackElo "2213"]
[WhiteTeam "BRA"]
[BlackTeam "GER"]
[WhiteClock "0:00:51"]
[BlackClock "0:01:03"]

1. e4 e5 2. Nf3 Nc6 3. d4 exd4 4. Nxd4 Nf6 5. Nxc6 bxc6 6. e5 Qe7 7. Qe2 Nd5 8. c4 Ba6 9. b3 g6 10. f4 d6 11. exd6 cxd6 12. Qxe7+ Nxe7 13. Bb2 Rg8 14. Be2 Bg7 15. Bxg7 Rxg7 16. Bf3 Kd7 17. Nc3 g5 18. fxg5 Rxg5 19. O-O-O Kc7 20. Rxd6 Kxd6 21. Ne4+ Ke5 22. Nxg5 f6 23. Re1+ Kd4 24. Ne6+ Kc3 25. Nc7 Rd8 26. Rxe7 Bc8 27. Re8 Rd2 28. Rxc8 Rxa2 29. Kd1 1-0

[Event "November 21 Late 2023"]
[Site "https://www.chess.com"]
[Date "2023.11.21"]
[Round "10"]
[White "Przybylski, Wojciech"]
[Black "Estrada Nieto, Julian"]
[Result "1-0"]
[Board "62"]
[TimeControl "180+1"]
[WhiteFideId "1117599"]
[BlackFideId "5101018"]
[WhiteElo "2203"]
[BlackElo "2161"]
[WhiteTeam "POL"]
[BlackTeam "ESP"]
[WhiteClock "0:00:13"]
[BlackClock "0:00:00"]

1. e4 e5 2. Nf3 Nc6 3. Bb5 a6 4. Ba4 Nf6 5. O-O Be7 6. d3 d6 7. h3 b5 8. Bb3 Na5 9. c4 Nxb3 10. axb3 Bb7 11. Nc3 b4 12. Ne2 O-O 13. Ng3 g6 14. Nh2 Nd7 15. f4 exf4 16. Bxf4 Bg5 17. Qd2 Bxf4 18. Qxf4 Nc5 19. Rad1 Nxb3 20. Ng4 f6 21. d4 Qe7 22. Nxf6+ Kg7 23. e5 dxe5 24. dxe5 Rad8 25. Rxd8 Rxd8 26. Qg5 Kh8 27. Qe3 Rd2 28. Rf2 Rd1+ 29. Kh2 Nc5 30. e6 Nxe6 31. Ng4 Qd6 32. Rf6 Rd2 33. Nf2 Ng7 34. Rxd6 cxd6 35. Qxd2 Nf5 36. Qxb4 1-0